 Dungeon Crawl Stone Soup version 0.31-a0-217-g58bb5d79cf (webtiles) character file.

Game seed: 15901298131090063380

172 qw the Shooter (level 5, -2/30 HPs)
             Began as a Gargoyle Hexslinger on July 2, 2023.
             Slain by an ogre
             ... wielding a +0 giant club
              (19 damage)
             ... on level 4 of the Dungeon.
             The game lasted 00:00:59 (2745 turns).

qw the Shooter (Gargoyle Hexslinger)                Turns: 2745, Time: 00:00:59

Health: -2/30      AC: 11    Str: 11      XL:     5   Next: 53%
Magic:  0/6        EV: 10    Int: 11 (14) God:
Gold:   131        SH:  0    Dex: 14      Spells: 5/6 levels left

rFire   . . .        Y - +1 sling
rCold   + . .        (no shield)
rNeg    + . .        c - +0 ring mail
rPois   inf          (no helmet)
rElec   +            (no cloak)
rCorr   .            (no gloves)
SInv    +            g - +1 pair of boots
Will    .....        l - amulet of guardian spirit
Stlth   +            e - ring of protection from cold
HPRegen 0.25/turn    m - ring of see invisible
MPRegen 0.10/turn

%: guardian spirit
@: no status effects
A: sickness immunity, AC +4, negative energy resistance 1, electricity
resistance, torment resistance 1, petrification resistance
a: no special abilities


You were on level 4 of the Dungeon.
You visited 1 branch of the dungeon, and saw 4 of its levels.

You collected 131 gold pieces.


Innate Abilities, Weirdness & Mutations

You are immune to sickness and miasma.
Your stone body is resilient. (AC +4)
You are immune to poison.
You resist negative energy. (rN+)
You are resistant to electric shocks. (rElec)
You are resistant to unholy torment.
You are immune to petrification.


   Skills:
 + Level 2.1 Fighting
 - Level 5.0 Ranged Weapons
 - Level 1.5 Armour
 - Level 1.5 Dodging
 - Level 1.0 Spellcasting
 - Level 2.6 Hexes


You had 5 spell levels left.
You knew the following spells:

 Your Spells              Type           Power      Damage    Failure   Level
a - Slow                  Hex            24%        N/A       26%         1

Your spell library contained the following spells:

 Spells                   Type           Power      Damage    Failure   Level
 Inner Flame              Hex/Fire       3%         N/A       78%         3
 Portal Projectile        Hex/Tloc       6%         N/A       78%         3
 Cause Fear               Hex            3%         N/A       94%         4

Inventory:

Hand Weapons
 Y - a +1 sling (weapon)
Armour
 c - a +0 ring mail (worn)
 g - a +1 pair of boots (worn)
Jewellery
 e - a ring of protection from cold (left hand)
 l - an amulet of guardian spirit (around neck)
 m - a ring of see invisible (right hand)
Scrolls
 a - a scroll of identify
 b - 2 scrolls of teleportation {unknown}
Potions
 f - a potion of curing
 h - a potion of mutation {unknown}
 j - 2 potions of heal wounds
 k - a potion of haste

Dungeon Overview and Level Annotations

Branches:
Dungeon (4/15)
 Temple: D:4-7

Altars:


Message History

The kobold misses you.
You shoot a sling bullet.
The sling bullet barely misses the kobold.
The kobold closely misses you. The kobold hits you but does no damage.
You shoot a sling bullet. The sling bullet hits the kobold.
The kobold is severely wounded.
The kobold barely misses you.
You shoot a sling bullet.
The sling bullet closely misses the kobold.
The kobold hits you with a +0 short sword.
You shoot a sling bullet.
The sling bullet barely misses the kobold.
The kobold hits you with a +0 short sword.
You shoot a sling bullet. The sling bullet hits the kobold.
You kill the kobold!
You start resting.
HP restored.
As you open the door, it creaks loudly!
Found a stone staircase leading down.
There is an open door here.
Enter note: An ogre comes into view. It is wielding a +0 giant club.
The ogre shouts!
Enter note: You shoot a sling bullet.
The sling bullet hits the ogre.
The ogre is lightly wounded.
You shoot a sling bullet.
The sling bullet barely misses the ogre.
You shoot a sling bullet. The sling bullet hits the ogre!
The ogre is moderately wounded.
You shoot a sling bullet.
The sling bullet barely misses the ogre.
You shoot a sling bullet. The sling bullet hits the ogre.
The ogre is heavily wounded.
The ogre hits you with a +0 giant club!
You shoot a sling bullet. The sling bullet hits the ogre.
The ogre is severely wounded.
The ogre hits you with a +0 giant club!!
Ouch! That really hurt!
You die...

#....#......
#.....#..... .
#....#..... ..
########...#.)... ...
#.......###.#.### ....
#.......+..###...
.....###.......###......
......O........#........
#@.......'..#.....
##.......##.#####.
#.......##.# .
#.......##.#
###...####.# #.>## #.#
##.# #.# #.# #.# ### ..#


You could see an ogre.

Vanquished Creatures
  A scorpion (D:3)
  A jelly (D:4)
  2 adders
  A dart slug (D:4)
  A bat (D:2)
  8 endoplasms
  5 giant cockroaches
  5 goblins
  3 hobgoblins
  2 jackals (D:3)
  5 kobolds
  3 quokkas
  9 ball pythons
  4 frilled lizards
  6 rats
56 creatures vanquished.

Notes
Turn   | Place    | Note
-------+----------+-------------------------------------------
     0 | D:1      | qw the Gargoyle Hexslinger began the quest for the Orb.
     0 | D:1      | Reached XP level 1. HP: 12/12 MP: 2/2
     0 | D:1      | 0 ||| qw: Version: 0.3-a-40-ge99b1a8
     0 | D:1      | 0 ||| qw: Game counter: 8013
     0 | D:1      | 0 ||| qw: Melee chars always use a shield: true
     0 | D:1      | 0 ||| qw: God list: Okawaru
     0 | D:1      | 0 ||| qw: Allow faded altars: false
     0 | D:1      | 0 ||| qw: Do Orc after clearing Dungeon:15 true
     0 | D:1      | 0 ||| qw: Do second Lair branch before Depths: true
     0 | D:1      | 0 ||| qw: Lair rune preference: random
     0 | D:1      | 0 ||| qw: Goals: Normal
     0 | D:1      | 0 ||| PLANNING D:1-11
   152 | D:1      | Reached XP level 2. HP: 15/16 MP: 3/3
   549 | D:1      | Reached skill level 3 in Ranged Weapons
   600 | D:1      | You fall into a shaft and drop 1 floor!
   678 | D:2      | 678 ||| UPGRADING to +0 pair of boots.
   683 | D:2      | 683 ||| UPGRADING to +0 leather armour.
   693 | D:2      | 693 ||| DROPPING +0 robe.
   694 | D:2      | 694 ||| READING 4 scrolls labelled UDUIVI GIELYE.
   695 | D:2      | 695 ||| READING scroll labelled VAPRUM JIBIE.
   696 | D:2      | 696 ||| DRINKING 2 white potions.
   699 | D:2      | 699 ||| DRINKING 2 fuming puce potions.
   700 | D:2      | 700 ||| READING 3 scrolls of identify.
   700 | D:2      | 700 ||| IDENTIFYING fizzy brown potion
   701 | D:2      | 701 ||| READING 2 scrolls of identify.
   701 | D:2      | 701 ||| IDENTIFYING purple potion
   702 | D:2      | 702 ||| DROPPING scroll of poison.
   703 | D:2      | 703 ||| DROPPING potion of ambrosia.
   779 | D:1      | Reached XP level 3. HP: 21/21 MP: 4/4
  1153 | D:2      | Found a faded altar of an unknown god.
  1524 | D:2      | 1524 ||| READING scroll labelled ZOLAFU LORUSE.
  1525 | D:2      | 1525 ||| READING scroll labelled NITWYU HAENA.
  1526 | D:2      | 1526 ||| DRINKING 2 lumpy yellow potions.
  1527 | D:2      | 1527 ||| DROPPING potion of degeneration.
  1793 | D:3      | Reached XP level 4. HP: 26/26 MP: 5/5
  1967 | D:3      | Noticed a scorpion
  1993 | D:3      | Killed a scorpion
  1994 | D:3      | Reached skill level 4 in Ranged Weapons
  1994 | D:3      | Reached XP level 5. HP: 12/30 MP: 6/6
  2001 | D:3      | 2001 ||| FLEEEEING.
  2136 | D:3      | 2136 ||| READING scroll of enchant armour.
  2136 | D:3      | 2136 ||| ENCHANTING +0 pair of boots.
  2224 | D:3      | Reached skill level 5 in Ranged Weapons
  2545 | D:3      | 2545 ||| UPGRADING to +0 ring mail.
  2555 | D:3      | 2555 ||| DROPPING +0 leather armour.
  2556 | D:3      | 2556 ||| UPGRADING to amulet of guardian spirit.
  2561 | D:3      | 2561 ||| UPGRADING to ring of protection from cold.
  2562 | D:3      | 2562 ||| UPGRADING to ring of see invisible.
  2563 | D:3      | 2563 ||| READING 2 scrolls labelled XIAW LITHRILO.
  2582 | D:3      | 2582 ||| READING 2 scrolls of identify.
  2582 | D:3      | 2582 ||| IDENTIFYING coppery potion
  2583 | D:3      | 2583 ||| DROPPING scroll of torment.
  2584 | D:3      | 2584 ||| DROPPING potion of magic.
  2647 | D:4      | Reached skill level 1 in Armour
  2739 | D:4      | Noticed an ogre
  2745 | D:4      | Slain by an ogre

Levels and vault maps discovered:
D:1:      kennysheep_arrival_forest, layout_basic, minmay_misc_feat_columns
D:2:      layout_loops_ring, serial_forest, infiniplex_forest_lined_3_way,
          infiniplex_forest_lined_2, infiniplex_forest_end_1,
          infiniplex_forest_clump_double, infiniplex_forest_lined_4_way,
          infiniplex_forest_straight_2, infiniplex_forest_straight_2,
          hellmonk_ecumenical_altar_arch_garden
D:3:      layout_basic, chequers_serial_rivers_micro_a,
          nicolae_figureground_pulse
D:4:      nicolae_BIG_FREAKIN_CUBE, layout_basic, eino_curves_03,
          uniq_blork_the_orc

Skill      XL: |  1  2  3  4  5 |
---------------+----------------+-----
Ranged Weapons | 3 4 5 |  5.0
Fighting       | 2 |  2.1
Armour         | 1 |  1.5
Dodging        | |  1.5
Spellcasting   | |  1.0
Hexes          | |  2.6

Action                     |  1- 3 |  4- 6 || total
---------------------------+-------+-------++-------
   Fire: Sling             |   123 |    84 ||   207
    Use: Scroll            |     6 |     3 ||     9
         Potion            |     3 |       ||     3
 Armour: Robe              |     4 |       ||     4
         Leather armour    |     8 |    15 ||    23
         Ring mail         |       |     2 ||     2
  Dodge: Dodged            |    29 |    27 ||    56

Table legend:
 A = Non-vault XP
 B = Vault XP
 C = Vault XP percentage of total XP
 D = Non-vault monster count
 E = Vault monster count
 F = Vault count percentage of total count
                 A         B        C        D         E       F
            +---------+---------+-------+---------+---------+-------
      Total |     247 |       0 |   0.0 |      56 |       0 |   0.0
            +---------+---------+-------+---------+---------+-------
        D:1 |      25 |       0 |   0.0 |      15 |       0 |   0.0
        D:2 |      46 |       0 |   0.0 |      20 |       0 |   0.0
        D:3 |     126 |       0 |   0.0 |      17 |       0 |   0.0
        D:4 |      50 |       0 |   0.0 |       4 |       0 |   0.0
            +---------+---------+-------+---------+---------+-------
